 Dungeon Crawl Stone Soup version 0.28.0-43-g3370ac3207 (webtiles) character file.

Game seed: 6071539073962739500

980 Descartes the Ruffian (level 7, -2/66 HPs)
             Began as a Troll Chaos Knight on Mar 29, 2022.
             Was a Plaything of Xom.
             Slain by a gnoll
             ... wielding a +0 spear
              (5 damage)
             ... on level 6 of the Dungeon.
             The game lasted 00:10:22 (3694 turns).

Descartes the Ruffian (Troll Chaos Knight)          Turns: 3694, Time: 00:10:23

Health: -2/66      AC:  7    Str: 21      XL:     7   Next: 96%
Magic:  0/6        EV:  9    Int: 10      God:    Xom [....*.]
Gold:   349        SH:  0    Dex:  5 (7)  Spells: 6/6 levels left

rFire   + . .      SeeInvis .     - Unarmed
rCold   . . .      Faith    .   (no shield)
rNeg    . . .      Spirit   +   a - +2 robe
rPois   .          Reflect  .   (helmet restricted)
rElec   .          Harm     .   u - +0 cloak
rCorr   .          Rampage  .   (gloves unavailable)
Will    .....                   (boots unavailable)
Stlth   +.........              s - amulet of guardian spirit
HPRegen 1.01/turn               w - ring of protection from fire
MPRegen 0.10/turn               (no ring)

@: unable to read
A: large, unfitting armour, claws 3, regeneration 1, shaggy fur 1, tough skin 1,
clumsy 1, deterioration 2, inability to read while threatened
a: Renounce Religion


You were on level 6 of the Dungeon.
You worshipped Xom.
You were a beloved toy of Xom.
You visited 1 branch of the dungeon, and saw 6 of its levels.
You also visited: Ossuary.

You collected 349 gold pieces.

Inventory:

Missiles
 b - 199 stones (quivered)
 d - a throwing net
 n - 2 poisoned darts
 p - 6 boomerangs
 q - 2 boomerangs of dispersal
Armour
 a - a +2 robe (worn)
 u - a +0 cloak (worn)
Jewellery
 s - an amulet of guardian spirit (around neck)
 w - a ring of protection from fire (left claw)
Scrolls
 c - a scroll of vulnerability
 f - 2 scrolls of immolation
 k - 3 scrolls of identify
 m - a scroll of amnesia
 v - a scroll of fear {unknown}
Potions
 e - 2 potions of curing
 g - a potion of invisibility
 h - 2 potions of lignification
 i - 2 potions of flight {unknown}
 j - a potion of haste {unknown}
 l - a potion of heal wounds {unknown}
 o - 2 potions of magic {unknown}
 r - 2 potions of might {unknown}
 t - a potion of ambrosia {unknown}


   Skills:
 - Level 2.8 Fighting
 + Level 5.1 Throwing
 - Level 2.3 Dodging
 + Level 7.3 Unarmed Combat


You had 6 spell levels left.
You didn't know any spells.
Your spell library contained the following spells:

 Spells                   Type           Power      Damage    Failure   Level
 Confusing Touch          Hex            0%         N/A       75%         3
 Stone Arrow              Conj/Erth      0%         3d7       75%         3
 Animate Armour           Summ/Erth      0%         N/A       98%         4
 Yara's Violent Unravell  Hex/Tmut       0%         3d3       100%        5
 Enfeeble                 Hex            0%         N/A       100%        7
 Lehudib's Crystal Spear  Conj/Erth      0%         10d2      100%        8


Dungeon Overview and Level Annotations

Branches:
Dungeon (6/15)             Temple (0/1) D:4         Ossuary (visited)

Altars:
Elyvilon


Innate Abilities, Weirdness & Mutations

You are too large for most types of armour.
You have claws for hands.
Your natural rate of healing is unusually fast.
You are covered in fur. (AC +1)
You have tough skin. (AC +1)
You are clumsy. (Dex -2)
Your body often deteriorates upon taking damage.
You sometimes lose the ability to read scrolls when taking damage.


Message History

You claw the black bear!
You kill the black bear!
You feel your intelligence returning.
Your Throwing skill increases to level 5!
Unknown command.
You scratch the gnoll shaman.
The gnoll shaman is lightly wounded.
The gnoll shaman calls upon its god to speed up the gnoll.
The gnoll seems to speed up.
You claw the gnoll shaman!
The gnoll shaman is severely wounded.
You can read scrolls again.
The gnoll hits you from afar with a +0 spear. x2
You closely miss the gnoll shaman.
The gnoll shaman is severely wounded.
The gnoll hits you but does no damage.
The gnoll shaman hits you with a +0 club.
You feel threatened and lose the ability to read scrolls!
* * * LOW HITPOINT WARNING * * *
You barely miss the gnoll shaman.
The gnoll shaman is severely wounded.
The gnoll closely misses you.
You scratch the gnoll shaman.
You kill the gnoll shaman!
The gnoll hits you from afar with a +0 spear.
* * * LOW HITPOINT WARNING * * *
Unknown command.
You scratch the gnoll.
The gnoll is moderately wounded.
The gnoll hits you with a +0 whip!
* * * LOW HITPOINT WARNING * * *
The gnoll completely misses you. The gnoll hits you but does no damage.
You completely miss the gnoll.
The gnoll is moderately wounded.
The gnoll hits you from afar with a +2 vampiric spear.
* * * LOW HITPOINT WARNING * * *
The gnoll hits you with a +0 whip!
* * * LOW HITPOINT WARNING * * *
The gnoll hits you from afar with a +0 spear.
You die...

# #......... #
#......... # ......... #
##)....... # ##.........
# ##..######## ##g.##
###gg## ##.@######
###..........
##########............
###..................>..
......#####.............
####### #............. #
#............. #
##............ #
###.........


You could see 3 gnolls.

Vanquished Creatures
  A black bear (D:6)
  A necrophage (D:4)
  A centaur (D:5)
  An elf zombie (Ossuary)
  A centaur zombie (Ossuary)
  2 hounds
  A jelly (D:4)
  A gnoll shaman (D:6)
  An iguana (D:4)
  Ijyb (D:4)
  2 orc wizards
  3 hound zombies
  A hound skeleton (D:5)
  3 mummies (Ossuary)
  5 gnolls
  2 adders
  A shadow imp (D:5)
  A white imp (D:6)
  2 ufetubi
  An adder skeleton (D:4)
  2 adder zombies (Ossuary)
  13 dart slugs
  9 orcs
  8 bats
  8 endoplasms
  5 giant cockroaches
  10 goblins
  9 hobgoblins
  6 jackals
  6 kobolds
  5 quokkas
  6 ball pythons
  4 frilled lizards
  3 goblin zombies (Ossuary)
  5 hobgoblin zombies (Ossuary)
  4 jackal zombies (Ossuary)
  7 kobold zombies (Ossuary)
  3 orc zombies (Ossuary)
  3 quokka zombies (Ossuary)
  2 rats (D:2)
  3 rat zombies (Ossuary)
153 creatures vanquished.

Vanquished Creatures (collateral kills)
  A scorpion (D:4)
1 creature vanquished.

Grand Total: 154 creatures vanquished

Notes
Turn   | Place    | Note
-------+----------+-------------------------------------------
     0 | D:1      | Descartes the Troll Chaos Knight began the quest for the
                  | Orb.
     0 | D:1      | Reached XP level 1. HP: 22/22 MP: 0/0
   164 | D:1      | Reached XP level 2. HP: 29/29 MP: 1/1
   177 | D:1      | XOM: silly message
   246 | D:1      | XOM: noise
   615 | D:1      | Reached XP level 3. HP: 36/36 MP: 2/2
   746 | D:2      | XOM: silly message
  1120 | D:2      | XOM: silly message
  1303 | D:2      | Reached skill level 4 in Unarmed Combat
  1345 | D:2      | XOM is BORED!
  1345 | D:2      | XOM: silly message
  1457 | D:3      | Reached XP level 4. HP: 44/44 MP: 3/3
  1622 | D:3      | XOM: divination: detect creatures
  1878 | D:3      | XOM: potion effect (haste)
  1887 | D:3      | Reached skill level 1 in Throwing
  1955 | D:4      | Noticed a necrophage
  1955 | D:4      | Noticed a scorpion
  1966 | D:4      | Killed a scorpion
  1967 | D:4      | Reached XP level 5. HP: 34/52 MP: 4/4
  1969 | D:4      | Killed a necrophage
  1970 | D:4      | Reached skill level 5 in Unarmed Combat
  2012 | D:4      | Found a staircase to the Ecumenical Temple.
  2015 | D:4      | XOM: potion effect (curing)
  2021 | D:4      | XOM: potion effect (brilliance)
  2066 | D:4      | Reached XP level 6. HP: 58/59 MP: 5/5
  2071 | D:4      | Noticed Ijyb
  2090 | D:4      | Paralysed by Ijyb for 2 turns
  2094 | D:4      | XOM: chaos upgrade
  2100 | D:4      | Killed Ijyb
  2133 | D:4      | XOM: chaos cloud
  2139 | D:4      | XOM: silly message
  2219 | D:4      | XOM: silly message
  2264 | D:4      | Found a sand-covered staircase.
  2269 | Ossuary  | Entered an ossuary
  2328 | Ossuary  | Reached skill level 6 in Unarmed Combat
  2411 | Ossuary  | Reached XP level 7. HP: 66/66 MP: 6/6
  2489 | Ossuary  | XOM: give mutations
  2489 | Ossuary  | Gained mutation: You sometimes lose the ability to read
                  | scrolls when taking damage. [Xom's mischief]
  2489 | Ossuary  | Gained mutation: Your body sometimes deteriorates upon
                  | taking damage. [Xom's mischief]
  2611 | D:4      | XOM: give mutations
  2611 | D:4      | Gained mutation: Your body often deteriorates upon taking
                  | damage. [Xom's mischief]
  2611 | D:4      | Lost mutation: Your body often deteriorates upon taking
                  | damage. [Xom's mischief]
  2611 | D:4      | Gained mutation: You are clumsy. (Dex -2) [Xom's mischief]
  2611 | D:4      | Gained mutation: Your body often deteriorates upon taking
                  | damage. [Xom's mischief]
  3064 | D:5      | Entered Level 5 of the Dungeon
  3207 | D:5      | XOM: cloud trail
  3331 | D:5      | Reached skill level 7 in Unarmed Combat
  3495 | D:5      | Found a white marble altar of Elyvilon.
  3681 | D:6      | XOM: enchant monster (good)
  3688 | D:6      | Reached skill level 5 in Throwing
  3694 | D:6      | HP: 3/66 [gnoll/+0 whip (6)]
  3694 | D:6      | Slain by a gnoll

Illustrated notes

Levels and vault maps discovered:
D:1:      heliophobic_arrival_battle_scene, layout_basic,
          minmay_misc_feat_roman, st_stairs_5
D:2:      minmay_chambers_of_ones, layout_loops_ring, minivault_24
D:3:      layout_basic, minmay_goblin_outpost
D:4:      kennysheep_slugbush, layout_basic, minmay_temple_entry_mini_moons,
          enter_ossuary_2, uniq_ijyb
D:5:      layout_rooms, elyvilon_altar_4
D:6:      layout_cave_pods, minmay_manual_mares, uniq_blork_the_orc

Skill      XL: |  1  2  3  4  5  6  7 |
---------------+----------------------+-----
Dodging        | 2 |  2.3
Unarmed Combat | 4 5 6 7 |  7.3
Throwing       | 1 2 3 5 |  5.1
Fighting       | |  2.8

Action                   |  1- 3 |  4- 6 |  7- 9 || total
-------------------------+-------+-------+-------++-------
Melee: Unarmed           |   125 |   161 |   120 ||   406
       Punch             |     1 |     3 |       ||     4
  Use: Scroll            |       |     9 |       ||     9
       Potion            |       |     1 |       ||     1
 Stab: Sleeping          |     2 |       |       ||     2
       Paralysed         |       |     3 |       ||     3
       Invisible         |       |     2 |       ||     2
Armor: Robe              |    69 |    67 |    54 ||   190
Dodge: Dodged            |    86 |   119 |    40 ||   245
